 Dungeon Crawl Stone Soup version 0.27-a0-1359-ga2a4dfd6fd (webtiles) character file.

Game seed: 16251281370214726966

2 ABBCCCDDDD the Sneak (level 1, 0/13 (14) HPs)
             Began as a Kobold Delver on June 28, 2021.
             Slain by a necrophage (6 damage)
             ... on level 3 of the Dungeon.
             The game lasted 00:01:21 (179 turns).

ABBCCCDDDD the Sneak (Kobold Delver)                 Turns: 179, Time: 00:01:22

HP:   0/13 (14)     AC:  3    Str:  9    XL:     1   Next: 33%
MP:   1/1           EV: 14    Int: 11    God:
Gold: 15            SH:  0    Dex: 16    Spells: 0/0 levels left

rFire    . . .     SeeInvis .   a - +0 short sword
rCold    . . .     Faith    .   (shield restricted)
rNeg     . . .     Spirit   .   b - +0 leather armour
rPois    .         Reflect  .   (no helmet)
rElec    .         Harm     .   (no cloak)
rCorr    .         Rampage  .   (no gloves)
Will     .....                  (no boots)
Stlth    ++++......             (no amulet)
HPRegen  0.04/turn              (no ring)
MPRegen  0.07/turn              (no ring)

@: drained
A: small, no large weapons, nightstalker 3
a: no special abilities


You were on level 3 of the Dungeon.
You visited 1 branch of the dungeon, and saw 3 of its levels.

You collected 15 gold pieces.

Inventory:

Hand Weapons
 a - a +0 short sword (weapon)
 i - a +0 dagger of venom
Armour
 b - a +0 leather armour (worn)
Scrolls
 c - a scroll of fog
 d - a scroll of magic mapping
Potions
 e - a potion of flight {unknown}
 f - a potion of haste
 h - 2 potions of degeneration {unknown}


   Skills:
 + Level 3.3 Fighting
 + Level 2.7 Short Blades
 + Level 2.4 Dodging
 + Level 6.6 Stealth


You couldn't memorise any spells.
You didn't know any spells.
Your spell library was empty.

Dungeon Overview and Level Annotations

Branches:
Dungeon (5/15)
 Temple: D:4-7

Altars:


Innate Abilities, Weirdness & Mutations

You are small and have problems with some larger weapons.
You are completely attuned to the shadows.


Message History

Found an escape hatch in the ceiling.
Found a stone staircase leading up.
You hit the goblin.
The goblin is almost dead.
You hit the goblin.
You kill the goblin!
Things that are here:
a +0 dagger; a goblin corpse
There is a stone staircase leading up here.
You start resting.
A goblin comes into view. It is wielding a +0 dagger of venom.
The goblin shouts!
The goblin barely misses you.
You hit the goblin.
You kill the goblin!
A necrophage comes into view.
Things that are here:
a +0 dagger of venom; a goblin corpse
There is a stone staircase leading up here.
Things that are here:
a +0 dagger of venom; a goblin corpse
i - a +0 dagger of venom The necrophage hits you but does no damage.
The necrophage hits you.
You feel drained.
There is a stone staircase leading up, spattered with blood here.
The necrophage hits you.
You climb upwards.
There is a stone staircase leading down here.
The necrophage closely misses you.
Aiming: Dig
Press: ? - help, Shift-Dir - straight line A rock wall.
The rock shatters into small pieces.
The now-empty wand crumbles to dust.
A dart slug comes into view.
You hear an angry hiss.
An adder comes into view.
Found 6 gold pieces and 21 stones.
Found a gnarled jewelled staff.
You open the door. The necrophage hits you.
You die...

#########
#...Sn@.#
######.w#.##'#
#....#.#### .#
#.###.w.# ##
#.# ##.## #.#
#..$ #># #.#(|
#.# .### #..


You could see a necrophage, an adder and a dart slug.

Vanquished Creatures
  2 goblins (D:4)
2 creatures vanquished.

Notes
Turn   | Place    | Note
-------+----------+-------------------------------------------
     0 | D:5      | ABBCCCDDDD the Kobold Delver began the quest for the Orb.
     0 | D:5      | Reached XP level 1. HP: 14/14 MP: 1/1
    84 | D:5      | Noticed a hound
    88 | D:5      | Noticed a centaur
   158 | D:4      | Noticed a necrophage
   179 | D:3      | Slain by a necrophage

Illustrated notes

Levels and vault maps discovered:
D:3:      minmay_wonky_spiral, layout_loops_ring,
          chequers_temple_overflow_statue_of_worship, nrook_uturn
D:4:      layout_rooms, grunt_temple_overflow_cloverleaf, serial_shops,
          nicolae_square_shop, shop, dk_noncrumbling_2, uniq_pikel
D:5:      layout_cave_pools, general_overflow_altar, serial_park,
          serial_park_tiny_pond, serial_park_tiny_pond, serial_park_tiny_2,
          serial_park_tiny_2, serial_park_gazebo [serial_park_minivault_5x5_1]

Action                   || total
-------------------------++-------
Melee: Short sword       ||     3
Evoke: Wand              ||     3
  Use: Scroll            ||     1
Armor: Leather armour    ||     1
Dodge: Dodged            ||     4

Table legend: (Time is in decaauts)
 A = Elapsed time spent in this place.
 B = Non-inter-level travel time spent in this place.
 C = Inter-level travel time spent in this place.
 D = Time resting spent in this place.
 E = Time spent auto-exploring this place.
 F = Levels seen in this place.
 G = Mean time per level.
                   A        B        C        D        E       F      G
               +--------+--------+--------+--------+--------+-----+--------+
         Total |    178 |    178 |      0 |      2 |     28 |   3 |   59.3 |
       Dungeon |    178 |    178 |      0 |      2 |     28 |   3 |   59.3 |
               +--------+--------+--------+--------+--------+-----+--------+

Top non-repeatable levels by time:
     D:5: 144 daAuts
     D:4: 19 daAuts
     D:3: 14 daAuts
